 Dungeon Crawl Stone Soup version 0.29.0-4-gdea44cf6ec (webtiles) character file.

Game seed: 545959414921460847

174 qw the Chopper (level 5, -5/30 HPs)
             Began as a Tengu Warper on Aug 28, 2022.
             Slain by Ijyb
             ... wielding a +4 club
              (9 damage)
             ... on level 3 of the Dungeon.
             The game lasted 00:00:17 (3483 turns).

qw the Chopper (Tengu Warper)                       Turns: 3483, Time: 00:00:18

Health: -5/30      AC:  8    Str: 13    XL:     5   Next: 54%
Magic:  9/9        EV:  7    Int: 13    God:
Gold:   146        SH:  0    Dex: 14    Spells: 8/8 levels left

rFire   . . .      SeeInvis +   Y - +0 war axe
rCold   . . .      Faith    .   (no shield)
rNeg    . . .      Spirit   .   k - +0 chain mail
rPois   .          Reflect  .   (helmet restricted)
rElec   .          Harm     .   (no cloak)
rCorr   .          Rampage  .   (no gloves)
Will    .....                   (boots unavailable)
Stlth   ..........              (no amulet)
HPRegen 0.10/turn               b - ring of see invisible
MPRegen 0.11/turn               (no ring)

@: about to teleport, flying quickly and evasively, quick
A: beak, talons 3, nimble flight
a: no special abilities


You were on level 3 of the Dungeon.
You visited 1 branch of the dungeon, and saw 3 of its levels.

You collected 146 gold pieces.


Innate Abilities, Weirdness & Mutations

You have a beak for a mouth.
You have claws for feet.
Your magical nature lets you fly swiftly and evasively.


   Skills:
 - Level 2.0 Fighting
 - Level 6.1 Axes
 - Level 1.0 Throwing
 + Level 1.1 Armour
 - Level 2.1 Dodging
 - Level 2.0 Spellcasting
 - Level 2.4 Translocations


You had 8 spell levels left.
You didn't know any spells.
Your spell library contained the following spells:

 Spells                   Type           Power      Damage    Failure   Level
 Blink                    Tloc           14%        N/A       99%         2
 Gell's Gravitas          Tloc           7%         N/A       100%        3
 Lesser Beckoning         Tloc           7%         N/A       100%        3
 Teleport Other           Tloc           7%         N/A       100%        3
 Manifold Assault         Tloc           7%         N/A       100%        5

Inventory:

Hand Weapons
 m - a +2 morningstar of draining
 Y - a +0 war axe (weapon)
Armour
 k - a +0 chain mail (worn)
Jewellery
 b - a ring of see invisible (left hand)
Scrolls
 e - a scroll of fear {unknown}
 g - a scroll of immolation {unknown}
Potions
 a - a potion of mutation {unknown}
 c - a potion of might {unknown}
 d - a potion of flight {unknown}
 f - a potion of haste {unknown}
 h - 3 potions of curing
 l - 2 potions of heal wounds
 o - a potion of degeneration {unknown}

Dungeon Overview and Level Annotations

Branches:
Dungeon (3/15)

Altars:

Annotations:
D:2 1 runed translucent door, Crazy Yiuf
D:3 Ijyb


Message History

Your Axes skill increases to level 6!
You barely miss the orc. Your kick misses the orc.
The orc hits you but does no damage.
You hit the orc. Your kick misses the orc. You peck the orc.
You kill the orc!
You start resting.
HP restored.
l - 2 potions of heal wounds (gained 1);
e - a scroll labelled FODGHI KO OZARCH
Things that are here:
a +0 whip; a +0 chain mail; an orc corpse
g - a scroll labelled ONONUI GUET
Things that are here:
a +0 dagger; a +0 dagger; an orc corpse
Found Great Wizards, Vol.
VII.
Ijyb the Twisted Goblin comes into view.
She is wielding a +4 club and carrying a wand of mindburst (15).
Ijyb shouts!
Enter note:
Enter note:
Enter note: Ijyb hits you with a +4 club.
You barely miss Ijyb. Your kick misses Ijyb.
Ijyb screams, "Die!"
Ijyb hits you but does no damage.
You hit Ijyb.
Ijyb is lightly wounded.
Ijyb hits you with a +4 club!
You hit Ijyb. Your kick misses Ijyb.
Ijyb is lightly wounded.
Ijyb barely misses you. Ijyb hits you with a +4 club!
You hit Ijyb.
Ijyb is moderately wounded.
Ijyb hits you with a +4 club.
You barely miss Ijyb. You peck Ijyb, but do no damage.
Ijyb is moderately wounded.
Ijyb hits you with a +4 club.
3483 ||| READING scroll of teleportation.
As you read the scroll of teleportation, it crumbles to dust.
You feel strangely unstable. Ijyb hits you with a +4 club!
You die...

#..## #...###.#
#.## #.#.# #.#
#.# #.#.###.#
#.. #.......#
##. # ###.#####
. #. #.#
##.##########.#
##...#.........#
#...g@.#########
.......#.#
###.#.##.# #...
..# ### ###


You could see Ijyb.

Vanquished Creatures
  An orc priest (D:3)
  Natasha (thrice) (D:2)
  2 worms
  3 dart slugs
  6 orcs (D:3)
  8 ball pythons
  3 bats
  4 endoplasms
  4 goblins
  A hobgoblin (D:2)
  4 jackals (D:1)
  5 quokkas
  3 frilled lizards
  5 kobolds
  2 rats
54 creatures vanquished.

Notes
Turn   | Place    | Note
-------+----------+-------------------------------------------
     0 | D:1      | qw the Tengu Warper began the quest for the Orb.
     0 | D:1      | Reached XP level 1. HP: 12/12 MP: 4/4
     0 | D:1      | 0 ||| qw: Version: 0.1-a-89-g26bdef1
     0 | D:1      | 0 ||| qw: Game counter: 1344
     0 | D:1      | 0 ||| qw: Always use a shield: true
     0 | D:1      | 0 ||| qw: God list: Okawaru
     0 | D:1      | 0 ||| qw: Allow faded altars: false
     0 | D:1      | 0 ||| qw: Do Orc after D:15 true
     0 | D:1      | 0 ||| qw: Do second Lair branch before Depths: true
     0 | D:1      | 0 ||| qw: Lair rune preference: random
     0 | D:1      | 0 ||| qw: Plans: Normal
     0 | D:1      | 0 ||| PLANNING D:1-11
   316 | D:1      | 316 ||| Stepping ~*~*~tactically~*~*~ (hiding).
   413 | D:1      | Reached XP level 2. HP: 17/17 MP: 6/6
   419 | D:1      | Reached skill level 3 in Axes
   441 | D:1      | 441 ||| SWAPPING to +0 war axe.
   443 | D:1      | 443 ||| DROPPING +0 hand axe.
   559 | D:1      | 559 ||| Stepping ~*~*~tactically~*~*~ (stealth).
   567 | D:1      | 567 ||| Stepping ~*~*~tactically~*~*~ (stealth).
   697 | D:1      | 697 ||| Stepping ~*~*~tactically~*~*~ (stealth).
   807 | D:1      | Reached XP level 3. HP: 21/21 MP: 7/7
  1057 | D:1      | 1057 ||| UPGRADING to +0 ring mail.
  1067 | D:1      | 1067 ||| DROPPING +0 leather armour.
  1068 | D:1      | 1068 ||| DROPPING orb of wrath.
  1069 | D:1      | 1069 ||| READING scroll labelled CAUTES YRIZONN.
  1070 | D:1      | 1070 ||| READING scroll labelled XADDOT GENGAGG.
  1071 | D:1      | 1071 ||| READING scroll labelled XUESTAOWNU.
  1074 | D:1      | 1074 ||| DRINKING 2 cyan potions.
  1179 | D:1      | 1179 ||| DRINKING 2 blue potions.
  1180 | D:1      | 1180 ||| DROPPING scroll of blinking.
  1181 | D:1      | 1181 ||| DROPPING potion of berserk rage.
  1379 | D:2      | Reached skill level 4 in Axes
  1383 | D:2      | 1383 ||| Stepping ~*~*~tactically~*~*~ (stealth).
  1455 | D:2      | Noticed Natasha
  1456 | D:2      | 1456 ||| FLEEEEING.
  1457 | D:2      | 1457 ||| FLEEEEING.
  1458 | D:2      | 1458 ||| FLEEEEING.
  1460 | D:2      | 1460 ||| Stepping ~*~*~tactically~*~*~ (hiding).
  1468 | D:2      | Killed Natasha
  1469 | D:2      | Reached XP level 4. HP: 15/26 MP: 8/8
  1490 | D:2      | 1490 ||| FLEEEEING.
  1491 | D:2      | 1491 ||| FLEEEEING.
  1492 | D:2      | 1492 ||| FLEEEEING.
  1493 | D:2      | 1493 ||| FLEEEEING.
  1494 | D:2      | 1494 ||| FLEEEEING.
  1497 | D:2      | 1497 ||| FLEEEEING.
  1498 | D:2      | 1498 ||| FLEEEEING.
  1502 | D:2      | 1502 ||| FLEEEEING.
  1503 | D:2      | 1503 ||| FLEEEEING.
  1504 | D:2      | 1504 ||| FLEEEEING.
  1505 | D:2      | 1505 ||| FLEEEEING.
  1506 | D:2      | 1506 ||| STAIRDANCE
  1681 | D:1      | 1681 ||| READING scroll labelled GOR JAUQOUL.
  1682 | D:1      | 1682 ||| DRINKING 2 green potions.
  1914 | D:2      | 1914 ||| DROPPING +0 club.
  1918 | D:2      | 1918 ||| Stepping ~*~*~tactically~*~*~ (stealth).
  1998 | D:2      | Found a runed translucent door.
  1999 | D:2      | Noticed Crazy Yiuf
  2088 | D:2      | Noticed Natasha
  2089 | D:2      | 2089 ||| Stepping ~*~*~tactically~*~*~ (stealth).
  2095 | D:2      | 2095 ||| Stepping ~*~*~tactically~*~*~ (hiding).
  2096 | D:2      | 2096 ||| Stepping ~*~*~tactically~*~*~ (hiding).
  2100 | D:2      | Killed Natasha
  2101 | D:2      | Reached skill level 5 in Axes
  2294 | D:2      | Noticed Natasha
  2300 | D:2      | Killed Natasha
  2301 | D:2      | Gained mutation: Your magical nature lets you fly swiftly
                  | and evasively. [Tengu growth]
  2301 | D:2      | Reached XP level 5. HP: 19/30 MP: 9/9
  2500 | D:2      | 2500 ||| READING scroll of teleportation.
  2961 | D:3      | 2961 ||| Stepping ~*~*~tactically~*~*~ (stealth).
  2967 | D:3      | 2967 ||| Stepping ~*~*~tactically~*~*~ (stealth).
  2981 | D:3      | 2981 ||| FLEEEEING.
  2982 | D:3      | 2982 ||| FLEEEEING.
  2985 | D:3      | 2985 ||| FLEEEEING.
  2986 | D:3      | 2986 ||| FLEEEEING.
  2987 | D:3      | 2987 ||| FLEEEEING.
  2988 | D:3      | 2988 ||| FLEEEEING.
  2989 | D:3      | 2989 ||| FLEEEEING.
  2990 | D:3      | 2990 ||| FLEEEEING.
  2991 | D:3      | 2991 ||| FLEEEEING.
  2997 | D:3      | 2997 ||| FLEEEEING.
  2998 | D:3      | 2998 ||| FLEEEEING.
  3000 | D:3      | 3000 ||| STAIRDANCE
  3214 | D:2      | 3214 ||| DROPPING +0 whip.
  3231 | D:2      | 3231 ||| UPGRADING to +0 scale mail.
  3241 | D:2      | 3241 ||| DROPPING +0 ring mail.
  3242 | D:2      | 3242 ||| UPGRADING to +0 chain mail.
  3252 | D:2      | 3252 ||| DROPPING +0 scale mail.
  3253 | D:2      | 3253 ||| UPGRADING to ring of see invisible.
  3370 | D:3      | 3370 ||| FLEEEEING.
  3383 | D:3      | Reached skill level 6 in Axes
  3476 | D:3      | Noticed Ijyb
  3482 | D:3      | HP: 4/30 [Ijyb/+4 club (5)]
  3483 | D:3      | 3483 ||| READING scroll of teleportation.
  3483 | D:3      | Slain by Ijyb

Levels and vault maps discovered:
D:1:      tarquinn_simple_flora_water_e, layout_loops_ring,
          serial_co_window_serial, co_window_of_opportunity_a,
          co_window_corner_a, co_window_of_opportunity_a, co_window_paths_b,
          co_window_paths_a, co_window_broadway_c, co_window_of_opportunity_c,
          co_window_broadway_a, co_window_unsneaky_path_a, glass_columns_a,
          minmay_pentomino_p4
D:2:      layout_basic, grunt_decor_junction, minmay_misc_feat_more_columns,
          uniq_crazy_yiuf_cottage, uniq_natasha
D:3:      layout_loops_corners, ebering_ecumenical_altar_webs, uniq_ijyb

Skill      XL: |  1  2  3  4  5 |
---------------+----------------+-----
Axes           | 3 4 5 6 |  6.1
Fighting       | |  2.0
Throwing       | |  1.0
Armour         | |  1.1
Dodging        | |  2.1
Spellcasting   | |  2.0
Translocations | |  2.4

Action                   |  1- 3 |  4- 6 || total
-------------------------+-------+-------++-------
Melee: Hand axe          |     8 |       ||     8
       Kick              |    18 |    15 ||    33
       Peck              |     6 |    15 ||    21
       War axe           |    41 |    60 ||   101
       Punch             |       |     1 ||     1
Throw: Boomerang         |     7 |       ||     7
  Use: Scroll            |     3 |     3 ||     6
       Potion            |     2 |     1 ||     3
Armor: Leather armour    |     6 |       ||     6
       Ring mail         |     9 |     8 ||    17
       Chain mail        |       |     4 ||     4
Dodge: Dodged            |    17 |    26 ||    43

Table legend:
 A = Non-vault XP
 B = Vault XP
 C = Vault XP percentage of total XP
 D = Non-vault monster count
 E = Vault monster count
 F = Vault count percentage of total count
                 A         B        C        D         E       F
            +---------+---------+-------+---------+---------+-------
      Total |     204 |      45 |  18.1 |      50 |       4 |   7.4
            +---------+---------+-------+---------+---------+-------
        D:1 |      27 |      10 |  27.0 |      15 |       3 |  16.7
        D:2 |     105 |      35 |  25.0 |      22 |       1 |   4.3
        D:3 |      72 |       0 |   0.0 |      13 |       0 |   0.0
            +---------+---------+-------+---------+---------+-------
